Map: 옥사이드 - 래더

Players

DRG - Winner!

  • Race: Zerg Zerg
  • Spawn Location: 1:00

Stats

  • Race: Protoss Protoss
  • League: Master
  • Spawn Location: 7:00

Event: StayAtHome Story Cup #3

VOD

Have the link to the VOD?

Description

Time

  • Played on: March 11, 2021, 7:58 a.m.
  • Length: 10:53

All games in this series

Show
View Real Time Build Order
Export as new Build Order

DRG Zerg - Winner!

Build Orders: Hatch First, Muta Ling Bane 

Get SALT Encoding   

  12  0:00  Drone  
  13  0:11  Overlord  
  13  0:16  Drone  
  14  0:30  Drone x2  
  16  0:49  Hatchery  
  15  0:51  Drone  
  15  0:54  Drone  
  17  0:57  Drone  
  18  1:08  Extractor  
  17  1:14  Spawning Pool  
  17  1:16  Drone  
  17  1:20  Drone  
  18  1:27  Drone  
  19  1:39  Drone  
  20  1:48  Drone  
  21  2:01  Queen, Zergling x2  
  24  2:02  Zergling x2  
  24  2:07  Queen  
  27  2:10  Overlord  
  27  2:12  Drone  
  27  2:13  Metabolic Boost  
  29  2:30  Drone x2  
  29  2:35  Drone x2  
  32  2:46  Hatchery  
  32  2:47  Queen  
  33  2:53  Overlord  
  33  2:54  Drone  
  33  2:57  Drone  
  35  3:00  Drone  
  35  3:04  Overlord  
  36  3:12  Drone x4  
  40  3:21  Queen  
  40  3:22  Overlord  
  40  3:26  Queen  
  42  3:30  Drone  
  42  3:32  Overlord  
  45  3:43  Zergling x4  
  45  3:44  Drone  
  45  3:45  Drone  
  45  3:47  Drone x2  
  51  3:50  Spore Crawler  
  51  3:51  Drone  
  51  3:53  Spore Crawler  
  50  3:57  Drone x4  
  50  4:02  Queen  
  56  4:06  Drone x2  
  56  4:09  Drone  
  59  4:12  Zergling x2  
  59  4:13  Overlord  
  60  4:20  Overlord  
  60  4:21  Drone  
  62  4:24  Drone, Roach Warren  
  62  4:31  Drone x5  
  66  4:33  Spore Crawler  
  66  4:37  Drone, Spore Crawler  
  63  4:39  Drone  
  63  4:40  Drone x2  
  63  4:43  Drone x2  
  69  4:49  Extractor  
  69  4:50  Overlord  
  69  4:51  Extractor, Lair  
  67  4:53  Drone  
  67  4:57  Extractor  
  67  4:58  Drone x3, Extractor  
  69  5:00  Drone  
  69  5:06  Overlord  
  70  5:08  Roach x2  
  70  5:11  Overlord  
  73  5:14  Roach x2  
  73  5:18  Overlord  
  73  5:19  Queen  
  73  5:20  Queen  
  81  5:24  Roach  
  81  5:25  Roach  
  85  5:29  Roach  
  85  5:31  Roach  
  85  5:33  Zergling x4  
  85  5:34  Ravager  
  92  5:37  Zergling x6  
  92  5:41  Ravager  
  96  5:45  Zergling x10  
  101  5:51  Zergling x8  
  101  5:56  Queen  
  105  6:00  Drone  
  105  6:04  Drone x3  
  107  6:09  Drone  
  106  6:15  Drone, Spire  
  106  6:16  Extractor  
  99  6:21  Drone x3  
  99  6:22  Drone  
  101  6:27  Extractor x2, Drone  
  101  6:28  Drone  
  101  6:29  Drone  
  101  6:31  Drone x2  
  104  6:34  Drone  
  104  6:37  Glial Reconstitution  
  103  6:41  Drone x3  
  103  6:44  Queen  
  108  6:49  Drone  
  108  6:50  Drone x4  
  113  6:55  Overlord  
  113  7:02  Overlord  
  113  7:03  Hatchery  
  113  7:06  Zergling x6, Spore Crawler  
  114  7:17  Queen  
  114  7:19  Queen  
  118  7:25  Overlord x2  
  118  7:32  Drone  
  118  7:35  Hydralisk Den  
  118  7:38  Mutalisk x6  
  118  7:41  Overlord x2  
  130  7:44  Mutalisk x3  
  136  7:52  Extractor x2  
  136  7:53  Spore Crawler  
  136  7:58  Drone x9  
  142  8:06  Overlord  
  142  8:10  Grooved Spines  
  140  8:13  Baneling Nest  
  140  8:14  Drone  
  140  8:15  Drone x2  
  135  8:23  Overlord x2  
  135  8:28  Extractor, Drone x4  
  135  8:34  Overlord x2  
  136  8:56  Centrifical Hooks, Hydralisk x8  
  136  8:57  Hydralisk x7  
  166  9:03  Drone x3  
  166  9:06  Evolution Chamber  
  168  9:10  Hydralisk x5  
  168  9:16  Overseer  
  178  9:21  Hydralisk  
  178  9:22  Hydralisk x2  
  184  9:27  Zergling x20  
  184  9:28  Zergling x4  
  196  9:34  Zergling x6  
  199  9:45  Zergling x12  
  186  9:50  Hydralisk  
  186  9:51  Hydralisk x8  
  191  9:55  Baneling x6  
  191  9:56  Baneling  
  186  10:04  Zergling x12  
  192  10:11  Zergling x14  
  189  10:20  Hydralisk  
  189  10:21  Hatchery, Hydralisk x4  
  168  10:29  Zergling x8  
  168  10:31  Zergling x6  
  168  10:34  Zergling x2  
Show
View Real Time Build Order
Export as new Build Order

Stats Protoss 

Build Orders: 1 Gate Expand, Oracle Opening 

Get SALT Encoding   

  12  0:00  Probe  
  13  0:13  Pylon  
  13  0:18  Probe (Chrono Boost)  
  14  0:26  Probe (Chrono Boost)  
  15  0:33  Probe  
  16  0:41  Gateway  
  16  0:45  Probe  
  16  0:49  Assimilator  
  18  0:57  Probe  
  18  1:09  Probe  
  19  1:21  Probe  
  20  1:27  Nexus  
  20  1:35  Cybernetics Core  
  20  1:38  Probe  
  21  1:43  Assimilator  
  21  1:50  Probe  
  21  1:53  Pylon  
  22  2:01  Adept  
  22  2:02  Probe (Chrono Boost)  
  23  2:13  Probe (Chrono Boost)  
  26  2:18  Probe (Chrono Boost)  
  26  2:20  Stargate  
  27  2:28  Probe (Chrono Boost)  
  28  2:31  Warp Gate  
  28  2:34  Adept  
  30  2:39  Probe (Chrono Boost)  
  32  2:46  Probe (Chrono Boost)  
  32  2:48  Probe (Chrono Boost)  
  33  2:53  Probe x2 (Chrono Boost)  
  33  2:55  Void Ray (Chrono Boost)  
  35  3:04  Probe  
  40  3:05  Probe  
  40  3:07  Assimilator  
  40  3:09  Pylon  
  41  3:16  Probe  
  41  3:18  Probe  
  41  3:19  Gateway  
  43  3:29  Probe  
  43  3:30  Probe, Oracle  
  48  3:41  Probe, Pylon  
  49  3:42  Probe  
  50  3:50  Stargate  
  50  3:53  Probe  
  50  3:54  Probe  
  52  3:59  Void Ray (Chrono Boost)  
  52  4:06  Nexus  
  56  4:12  Pylon  
  56  4:15  Assimilator  
  56  4:17  Probe  
  56  4:19  Probe  
  58  4:28  Pylon  
  58  4:29  Probe  
  58  4:31  Probe, Void Ray (Chrono Boost)  
  59  4:35  Void Ray (Chrono Boost)  
  70  4:45  Probe x2  
  70  4:53  Shield Battery  
  70  4:55  Robotics Facility  
  70  4:57  Probe x2  
  70  4:59  Pylon  
  72  5:08  Shield Battery  
  72  5:09  Probe, Void Ray  
  72  5:10  Probe  
  74  5:15  Void Ray  
  78  5:24  Probe x2  
  78  5:25  Probe  
  85  5:31  Pylon  
  85  5:34  Pylon  
  85  5:36  Probe x2, Forge  
  85  5:37  Probe  
  88  5:47  Robotics Bay  
  88  5:48  Probe x2  
  88  5:49  Probe, Adept x2  
  95  5:57  Void Ray  
  95  6:00  Shield Battery  
  95  6:02  Shield Battery  
  98  6:04  Shield Battery  
  98  6:09  Void Ray  
  97  6:32  Pylon  
  97  6:33  Pylon  
  97  6:35  Pylon  
  97  6:37  Nexus, Pylon  
  97  6:39  Pylon  
  97  6:41  Pylon  
  97  6:42  Pylon  
  97  6:43  Pylon  
  97  6:49  Disruptor (Chrono Boost)  
  100  6:58  Gateway, Protoss Ground Weapons Level 1  
  100  6:59  Gateway  
  100  7:02  Gateway  
  100  7:15  Disruptor (Chrono Boost)  
  100  7:22  Probe x2  
  105  7:24  Shield Battery  
  105  7:25  Shield Battery  
  105  7:43  Probe x2, Disruptor  
  110  7:53  Probe  
  110  7:56  Assimilator  
  111  7:59  Photon Cannon, Twilight Council  
  111  8:00  Assimilator  
  111  8:01  Shield Battery  
  111  8:05  Photon Cannon  
  111  8:07  Photon Cannon  
  111  8:12  Probe x3, Protoss Air Weapons Level 1  
  111  8:15  Phoenix (Chrono Boost)  
  111  8:16  Phoenix (Chrono Boost)  
  111  8:18  Photon Cannon  
  115  8:24  Probe  
  116  8:29  Observer (Chrono Boost), Photon Cannon, Pylon  
  117  8:37  Phoenix (Chrono Boost)  
  117  8:38  Phoenix (Chrono Boost)  
  113  8:55  Phoenix (Chrono Boost)  
  113  8:56  Phoenix (Chrono Boost)  
  113  8:57  Charge  
  113  8:59  Photon Cannon  
  113  9:01  Photon Cannon  
  113  9:02  Templar Archives  
  117  9:05  Photon Cannon  
  117  9:19  Phoenix x2 (Chrono Boost)  
  121  9:26  Zealot x5  
  104  9:53  Zealot x4  
  104  9:54  Zealot  
  114  10:05  Gateway  
  114  10:08  Gateway  
  114  10:10  Gateway  
  114  10:13  Gateway  
  114  10:16  Gateway  
  114  10:18  Zealot x4  
  114  10:19  Zealot  
  112  10:26  Phoenix x2  
  94  10:46  Zealot x3  
  94  10:47  Zealot x2  
Tags
 
Add a new tag
Caveats
  • Supply blocks, unpowered buildings, or Contaminate may cause inaccurate times.
  • Supply counts are checked every 10 seconds.